 Dungeon Crawl Stone Soup version 0.29.0-13-gc9e81de378 (webtiles) character file.

Game seed: 8478882646960621798

1721 Monkooky the Basher (level 9, -1/74 HPs)
             Began as a Meteoran Brigand on Sept 7, 2022.
             Was a Believer of Zin.
             Succumbed to an ogre zombie's poison
             ... on level 6 of the Dungeon.
             The game lasted 00:31:14 (3491 turns).

Monkooky the Basher (Meteoran Brigand)              Turns: 3491, Time: 00:31:15

Health: -1/74      AC:  6    Str: 16    XL:     9   Next: 48%
Magic:  15/15      EV: 12    Int: 14    God:    Zin [**....]
Gold:   168        SH:  0    Dex: 16    Spells: 8/8 levels left

rFire   + . .      SeeInvis .   z - +1 flail (vorpal)
rCold   + + .      Faith    .   (no shield)
rNeg    . . .      Spirit   .   e - +0 steam dragon scales
rPois   +          Reflect  .   (no helmet)
rElec   +          Harm     .   c - +0 cloak
rCorr   +          Rampage  .   (no gloves)
Will    ++...                   (no boots)
Stlth   +.........              G - amulet of regeneration
HPRegen 1.02/turn               l - ring of willpower
MPRegen 0.14/turn               v - ring of protection from cold

@: lethally poisoned (-1 -> -7), resistant, on recite cooldown, hasted, glowing,
very quick
A: sense surroundings 2, otherworldly, glowing, explore regen
a: Renounce Religion, Recite, Vitalisation, Donate Gold


You were on level 6 of the Dungeon.
You worshipped Zin.
Zin was pleased with you.
You visited 1 branch of the dungeon, and saw 6 of its levels.
You also visited: Sewer.

You collected 186 gold pieces.
You donated 18 gold pieces to Zin.

Inventory:

Hand Weapons
 a - a +2 dagger
 f - a +3 mace
 z - a +1 vorpal flail (weapon)
 F - a +2 shortbow of freezing
Missiles
 d - 10 poisoned darts (quivered)
 s - 5 atropa-tipped darts
 L - 5 curare-tipped darts
Armour
 b - a +0 robe
 c - a +0 cloak (worn)
 e - +0 steam dragon scales (worn)
 g - a +0 robe of willpower
 K - a +0 plate armour
Jewellery
 l - a ring of willpower (left hand)
 v - a ring of protection from cold (right hand)
 D - a ring of ice
 G - an amulet of regeneration (around neck)
Wands
 C - a wand of flame (1)
Scrolls
 h - 2 scrolls of poison {unknown}
 i - 2 scrolls of blinking {unknown}
 p - 4 scrolls of identify {unknown}
 r - 3 scrolls of butterflies {unknown}
 y - 2 scrolls of enchant weapon {unknown}
 A - 3 scrolls of enchant armour {unknown}
 H - a scroll of acquirement {unknown}
Potions
 j - a potion of lignification {unknown}
 k - 2 potions of ambrosia
 m - a potion of mutation {unknown}
 n - 3 potions of brilliance {toilet water, unknown}
 o - a potion of magic {unknown}
 q - 3 potions of invisibility {toilet water}
 t - 2 potions of berserk rage {unknown}
 u - a potion of curing {unknown}
 w - 3 potions of haste {toilet water. Fly??}
 x - a potion of cancellation {unknown}
 B - a potion of degeneration {unknown}
 E - a potion of attraction {unknown}
 I - 3 potions of resistance
 J - 2 potions of heal wounds {toilet water, unknown}


   Skills:
 - Level 5.6 Fighting
 - Level 2.1 Short Blades
 - Level 10.2 Maces & Flails
 - Level 2.4 Throwing
 - Level 1.2 Dodging
 - Level 2.9 Stealth
 + Level 7.5 Invocations
 - Level 2.7 Evocations


You had 8 spell levels left.
You didn't know any spells.
Your spell library contained the following spells:

 Spells                   Type           Power      Damage    Failure   Level
 Summon Small Mammal      Summ           0%         N/A       28%         1
 Call Canine Familiar     Summ           0%         N/A       65%         3
 Portal Projectile        Hex/Tloc       0%         N/A       65%         3
 Summon Guardian Golem    Hex/Summ       0%         N/A       65%         3
 Leda's Liquefaction      Hex/Erth       0%         N/A       96%         4


Dungeon Overview and Level Annotations

Branches:
Dungeon (6/15) Zot: 651     Sewer (visited)
 Temple: D:4-7

Altars:
Elyvilon
Fedhas
Gozag
Hepliaklqana
Trog
Vehumet
Xom
Yredelemnul
Zin

Shops:
D:5 :   D:6 :


Innate Abilities, Weirdness & Mutations

You passively map the area around you.
You are easily found by Zot.
You glow in the dark.
You regain HP and MP as you explore.


Message History

The orc warrior zombie is heavily damaged.
You feel very sick.
The orc warrior zombie barely misses you.
Unknown command.
You hit the orc warrior zombie.
The orc warrior zombie is heavily damaged. "...Zin, and all was good, for they knew that the..."
You feel very sick.
The orc warrior zombie hits you with a +1 war axe of venom.
The ogre zombie closely misses you.
Unknown command.
You barely miss the orc warrior zombie.
The orc warrior zombie is heavily damaged. "...bastard children of Xom would trouble them no longer."
You finish reciting Abominations 13:68.
You feel sick.
The orc warrior zombie closely misses you.
The orc warrior zombie hits you with a +1 war axe of venom!
You feel sick.
The orc warrior zombie hits you with a +1 war axe of venom!
* * * LOW HITPOINT WARNING * * *
You feel sick.
You feel sick. The ogre zombie misses you.
You feel sick.
You feel sick.
The orc warrior zombie barely misses you.
You see here 16 gold pieces.
You feel sick. The ogre zombie barely misses you.
There is a transporter here.
You enter the transporter and appear at another place.
You feel sick.
You are no longer poisoned.
The orc warrior zombie barely misses you.
The ogre zombie hits you with a +0 giant spiked club of venom!
* * * LOW HITPOINT WARNING * * *
You are lethally poisoned!
Okay, then.
It was a potion of haste {toilet water.
Fly??}.
You feel yourself speed up.
You die...

* , , *##################.... , ,
, ,, * #.... , , ,, , , #.... ,
,* , ** , #.... .. ,####### ,
###+## ## #.... ... #.....#
#....##..# #.... ....#.....+ ,
,#.......). ,#.... ....' ....# ,
#.........,, #....
....####'#######@Z.##########.>..
#.............)ZZ............###
#.....)....###########.......'..
+..........#°☼°$§=.°.#.......#..
#..........#..○$/$°°.#.......#..
#.....######..○....°.#####'#####
#.....#....#°○..°..°.##......+
#.....'....#..○°○...°##......#
,#.....#....####○°'#####......#


You could see 2 orc warrior zombies and an ogre zombie.

Vanquished Creatures
  2 steam dragons
  An ice beast (D:5)
  A sky beast (D:6)
  An ogre (D:5)
  4 centaurs
  2 kobold brigands (Sewer)
  A necrophage (D:5)
  A scorpion (D:5)
  4 electric eels
  A jelly (D:5)
  2 orc priests
  Jessica (D:2)
  3 iguanas
  An orc wizard (D:6)
  4 gnolls (D:2)
  7 river rats
  7 adders
  2 worms
  3 dart slugs
  3 orcs
  5 endoplasms
  A giant cockroach (D:5)
  5 goblins
  4 hobgoblins
  4 jackals (D:5)
  16 kobolds
  4 quokkas
  14 ball pythons
  4 bats
  4 frilled lizards
  26 rats
138 creatures vanquished.

Vanquished Creatures (others)
  An orc (D:6)
  8 plants (D:4)
9 creatures vanquished.

Grand Total: 147 creatures vanquished

Notes
Turn   | Place    | Note
-------+----------+-------------------------------------------
     0 | D:1      | Monkooky the Meteoran Brigand began the quest for the Orb.
     0 | D:1      | Reached XP level 1. HP: 17/17 MP: 2/2
    49 | D:1      | Found a faded altar of an unknown god.
    60 | D:1      | Prayed at the altar of an unknown god.
    60 | D:1      | Became a worshipper of Zin the Law-Giver
    60 | D:1      | Reached * piety under Zin
    80 | D:1      | Reached skill level 1 in Maces & Flails
    95 | D:1      | Reached XP level 2. HP: 24/24 MP: 3/3
   101 | D:1      | Reached skill level 2 in Maces & Flails
   338 | D:1      | Reached skill level 3 in Maces & Flails
   338 | D:1      | Reached XP level 3. HP: 18/29 MP: 4/4
   477 | D:2      | Noticed Jessica
   486 | D:2      | Killed Jessica
   487 | D:2      | Reached skill level 4 in Maces & Flails
   487 | D:2      | Reached XP level 4. HP: 26/36 MP: 5/5
   585 | D:2      | Reached skill level 5 in Maces & Flails
   755 | D:2      | Reached ** piety under Zin
   802 | D:2      | Reached XP level 5. HP: 34/41 MP: 6/6
   970 | D:3      | Found a shimmering altar of Xom.
   995 | D:3      | Found a basalt altar of Yredelemnul.
  1126 | D:3      | Reached skill level 6 in Maces & Flails
  1344 | D:4      | Found a hazy altar of Hepliaklqana.
  1375 | D:4      | Reached XP level 6. HP: 20/48 MP: 7/7
  1412 | D:4      | Found a white marble altar of Elyvilon.
  1548 | D:4      | Found a transporter.
  1563 | D:4      | Found a transporter.
  1997 | D:4      | Reached XP level 7. HP: 15/55 MP: 9/9
  2012 | D:4      | Reached skill level 7 in Maces & Flails
  2016 | D:4      | Found a bloodstained altar of Trog.
  2063 | D:5      | Entered Level 5 of the Dungeon
  2090 | D:5      | Reached skill level 8 in Maces & Flails
  2093 | D:5      | Found an opulent altar of Gozag.
  2093 | D:5      | Found a blossoming altar of Fedhas.
  2119 | D:5      | Reached *** piety under Zin
  2206 | D:5      | Found a radiant altar of Vehumet.
  2266 | D:5      | Found a glowing drain.
  2286 | D:5      | Reached XP level 8. HP: 11/61 MP: 9/12
  2326 | D:5      | Reached skill level 5 in Invocations
  2364 | Sewer    | Entered a sewer
  2850 | Sewer    | Glimpsed the power of Zot.
  2897 | Sewer    | Glimpsed the power of Zot.
  2988 | D:5      | Reached skill level 9 in Maces & Flails
  3027 | D:5      | Found Ostrytiny's Tremendous Tomes.
  3067 | D:6      | Noticed a steam dragon
  3076 | D:5      | Killed a steam dragon
  3077 | D:5      | Gained mutation: You passively map the area around you.
                  | [Meteoran growth]
  3077 | D:5      | Reached XP level 9. HP: 18/72 MP: 14/14
  3153 | D:6      | Reached skill level 5 in Fighting
  3191 | D:6      | Found a transporter.
  3230 | D:6      | Reached skill level 10 in Maces & Flails
  3431 | D:6      | Found Tusijuse's Self-Improvement Boutique.
  3448 | D:6      | Found a transporter.
  3490 | D:6      | HP: 1/74 [ogre zombie/+0 giant spiked club of venom (16)]
  3491 | D:6      | Succumbed to an ogre zombie's poison

Illustrated notes

Levels and vault maps discovered:
D:1:      minmay_arrival_up_and_down, layout_rooms,
          ebering_ecumenical_altar_hall
D:2:      layout_loops_ring, uniq_robin, uniq_jessica
D:3:      layout_basic, yredelemnul_altar_generic,
          mainiacjoe_overflow_tiny_flanked, minmay_box_of_dots
D:4:      gammafunk_steamed_eel, layout_basic, mainiacjoe_overflow_alcove_4,
          nicolae_hepliaklqana_hazy_memory, elyvilon_altar_3
D:5:      layout_loops_ring, kennysheep_mini_moat, jmf_multi_god_temple,
          portal_sewer_entry_a, nicolae_shop_i_like_big_books,
          dreamdust_princess_bridge, minmay_manual_monstrance
D:6:      gammafunk_cloud_chamber, layout_gridville, ashenzari_altar_1,
          serial_shops, nicolae_shop_trees, nicolae_shop_waterfront,
          grunt_ministairs_14, minmay_misc_feat_hallway, nicolae_shop_self_help

Skill      XL: |  1  2  3  4  5  6  7  8  9 |
---------------+----------------------------+-----
Maces & Flails | 1 3 4 5 6 8 9 10 | 10.2
Invocations    | 2 4 5 7 |  7.5
Evocations     | 2 |  2.7
Fighting       | 4 5 |  5.6
Short Blades   | |  2.1
Throwing       | |  2.4
Dodging        | |  1.2
Stealth        | |  2.9

Action                   |  1- 3 |  4- 6 |  7- 9 || total
-------------------------+-------+-------+-------++-------
Melee: Mace              |    55 |    52 |       ||   107
       Flail             |       |    35 |   207 ||   242
       Punch             |       |     2 |     2 ||     4
Throw: Dart              |     6 |    15 |    38 ||    59
Invok: Recite            |       |     1 |     7 ||     8
       Vitalisation      |       |       |     1 ||     1
Evoke: Wand              |       |     8 |     8 ||    16
  Use: Potion            |       |       |     3 ||     3
 Stab: Sleeping          |     1 |       |       ||     1
       Invisible         |       |       |     2 ||     2
Armor: Robe              |    15 |    23 |    46 ||    84
       Steam dragon scal |       |       |    24 ||    24
Dodge: Dodged            |    32 |    36 |   123 ||   191
